 Dungeon Crawl Stone Soup version 0.28.0-43-g3370ac3207 (webtiles) character file.

Game seed: 11434338086513834342

4 Arcadio the Shooter (level 1, 0/13 HPs)
             Began as a Kobold Hunter on Mar 3, 2022.
             Slain by a hobgoblin (2 damage)
             ... on level 1 of the Dungeon.
             The game lasted 00:00:24 (175 turns).

Arcadio the Shooter (Kobold Hunter)                  Turns: 175, Time: 00:00:25

Health: 0/13       AC:  3    Str:  9    XL:     1   Next: 77%
Magic:  1/1        EV: 14    Int: 12    God:
Gold:   0          SH:  0    Dex: 15    Spells: 0/0 levels left

rFire   . . .      SeeInvis .   b - +0 short sword
rCold   . . .      Faith    .   (no shield)
rNeg    . . .      Spirit   .   c - +0 leather armour
rPois   .          Reflect  .   (no helmet)
rElec   .          Harm     .   (no cloak)
rCorr   .          Rampage  .   (no gloves)
Will    .....                   (no boots)
Stlth   +++.......              (no amulet)
HPRegen 0.04/turn               (no ring)
MPRegen 0.07/turn               (no ring)

@: no status effects
A: small, no large weapons, nightstalker 3
a: no special abilities


You were on level 1 of the Dungeon.
You visited 1 branch of the dungeon, and saw 1 of its levels.

Inventory:

Hand Weapons
 a - a +1 shortbow
 b - a +0 short sword (weapon)
Missiles
 d - 20 arrows
Armour
 c - a +0 leather armour (worn)
Potions
 e - a potion of might {unknown}
 f - 2 potions of attraction {unknown}


   Skills:
 + Level 2.3 Fighting
 + Level 4.1 Bows
 + Level 2.6 Dodging
 - Level 1.3 Stealth


You couldn't memorise any spells.
You didn't know any spells.
Your spell library was empty.

Dungeon Overview and Level Annotations

Branches:
Dungeon (1/15)

Altars:


Innate Abilities, Weirdness & Mutations

You are small and have problems with some larger weapons.
You are completely attuned to the shadows.


Message History

You kill the bat!
The hobgoblin shouts!
A bat comes into view.
The hobgoblin misses you.
You hit the hobgoblin.
The hobgoblin is moderately wounded.
The hobgoblin hits you. x2
You barely miss the hobgoblin.
The hobgoblin is moderately wounded.
The bat hits you but does no damage. The hobgoblin barely misses you.
You closely miss the hobgoblin.
The hobgoblin is moderately wounded.
The bat hits you but does no damage. The hobgoblin hits you.
You barely miss the hobgoblin.
The hobgoblin is lightly wounded.
The bat hits you but does no damage. The hobgoblin closely misses you.
You hit the hobgoblin.
The hobgoblin is almost dead.
The bat barely misses you. The hobgoblin hits you.
You closely miss the hobgoblin.
The hobgoblin is almost dead.
The bat hits you but does no damage. The hobgoblin closely misses you.
You hit the hobgoblin but do no damage.
The hobgoblin is almost dead.
The bat hits you. The bat hits you but does no damage. The hobgoblin hits you.
* * * LOW HITPOINT WARNING * * *
The bat hits you but does no damage.
You hit the hobgoblin but do no damage.
The hobgoblin is almost dead.
The bat barely misses you.
The hobgoblin hits you but does no damage.
You closely miss the hobgoblin.
The hobgoblin is almost dead.
The hobgoblin misses you. The bat misses you.
You completely miss the hobgoblin.
The hobgoblin is almost dead.
The bat barely misses you. The hobgoblin closely misses you.
Found 10 gold pieces.
The bat misses you. The bat completely misses you. The hobgoblin hits you.
You die...

#...# # ##...# ##
.... .....###.
...# ##...##..
....## ....
#........
.#####..... ...#
.#...##..
..........###...$
##..###.
###...###†.#g....
#.......
#.........@b#
#.##.####
#.?.#########
##.##.#
##..#......
.....#
..........# #
#.##.#
###.....>.#
#.##.##.#
##.##...#
#.......#
..)###.##
####.#### ### #.#
#.#
#.############.#


You could see a hobgoblin and a bat.

Vanquished Creatures
  A bat (D:1)
  A goblin (D:1)
  A frilled lizard (D:1)
  A kobold (D:1)
  A rat (D:1)
5 creatures vanquished.

Notes
Turn   | Place    | Note
-------+----------+-------------------------------------------
     0 | D:1      | Arcadio the Kobold Hunter began the quest for the Orb.
     0 | D:1      | Reached XP level 1. HP: 12/12 MP: 1/1
   175 | D:1      | Slain by a hobgoblin

Illustrated notes

Levels and vault maps discovered:
D:1:      dpeg_arrival_chambers_temple_mockup, layout_loops_ring,
          nicolae_figureground_sparkle

Action                   || total
-------------------------++-------
Melee: Short sword       ||    29
 Stab: Sleeping          ||     2
Armor: Leather armour    ||    19
Dodge: Dodged            ||    37
